 Dungeon Crawl Stone Soup version 0.29.0-4-gdea44cf6ec (webtiles) character file.

Game seed: 5213903717034654732

1842459 Strat the Wrestler (level 24, 266/266 HPs)
             Began as a Troll Hunter on Aug 27, 2022.
             Was the Champion of Okawaru.
             Escaped with the Orb
             ... and 3 runes on Aug 28, 2022!
             The game lasted 02:42:23 (53462 turns).

Strat the Wrestler (Troll Hunter)                  Turns: 53462, Time: 02:42:23

Health: 266/266    AC: 40    Str: 31 (32) XL:     24   Next: 40%
Magic:  26/26      EV:  9    Int:  6 (7)  God:    Okawaru [******]
Gold:   3876       SH: 16    Dex:  9 (10) Spells: 22/23 levels left

rFire   + . .      SeeInvis .     - Unarmed
rCold   + + .      Faith    .   U - +1 kite shield {rN+}
rNeg    + . .      Spirit   .   m - +9 gold dragon scales of Vlad {+Blink rPois rF+ rC+ Will+++ Regen+ Stlth-}
rPois   +          Reflect  +   E - +5 hat of the Jackalope {rPois Regen+ Dex-2 Stlth+}
rElec   +          Harm     .   g - +2 cloak
rCorr   +          Rampage  .   (gloves unavailable)
Will    +++++                   (boots unavailable)
Stlth   ..........              P - amulet of Recklessness {Reflect rC+ rCorr Dex-4 SH+5 Stlth+}
HPRegen 2.94/turn               W - +4 ring of evasion
MPRegen 0.20/turn               Q - ring "Xataxes" {rElec Will+ AC+4 Int+2 Dex+3}

@: studying 2 skills
A: large, unfitting armour, claws 3, regeneration 1, shaggy fur 1, tough skin 1,
low MP 1, weak 1
0: Orb of Zot
}: 3/15 runes: serpentine, barnacled, silver
a: Renounce Religion, Evoke Blink, Heroism, Finesse, Duel


You escaped.
You worshipped Okawaru.
Okawaru was exalted by your worship.
You visited 8 branches of the dungeon, and saw 44 of its levels.
You also visited: Gauntlet and Ice Cave.

You collected 8092 gold pieces.
You spent 4216 gold pieces at shops.

Inventory:

Hand Weapons
 a - the +6 hand crossbow "Urabbeask" {elec, rElec rF- Int+2}
   (Okawaru gifted it to you on level 4 of the Lair of Beasts)

   Any ammunition fired from it occasionally discharges a powerful burst of
   electricity upon striking a foe.
   Int:       It affects your intelligence (+2).
   rF:        It makes you vulnerable to fire.
   rElec:     It insulates you from electricity.
Missiles
 j - 20 javelins
 p - a throwing net
 r - 43 boomerangs
 s - 17 silver javelins (quivered)
 K - 93 large rocks
 N - 2 curare-tipped darts
Armour
 g - a +2 cloak (worn)
 m - the +9 gold dragon scales of Vlad (worn) {+Blink rPois rF+ rC+ Will+++ Regen+ Stlth-}
   (You bought it in a shop on level 2 of the Shoals)

   rF:        It protects you from fire.
   rC:        It protects you from cold.
   rPois:     It protects you from poison.
   +Blink:    It lets you blink.
   Regen:     It increases your rate of health regeneration.
   Will:      It greatly increases your willpower.
   Stlth:     It makes you less stealthy.
 E - the +5 hat of the Jackalope (worn) {rPois Regen+ Dex-2 Stlth+}
   (Okawaru gifted it to you on level 9 of the Dungeon)

   Dex:       It affects your dexterity (-2).
   rPois:     It protects you from poison.
   Regen:     It increases your rate of health regeneration.
   Stlth:     It makes you more stealthy.
 U - a +1 kite shield of positive energy (worn)
Jewellery
 O - an amulet of reflection
 P - the amulet of Recklessness (around neck) {Reflect rC+ rCorr Dex-4 SH+5 Stlth+}
   (You took it off an ironbound preserver on level 5 of the Vaults)

   [amulet of reflection]

   It reflects blocked missile attacks.
   Dex:       It affects your dexterity (-4).
   rC:        It protects you from cold.
   rCorr:     It protects you from acid and corrosion.
   SH:        It affects your SH (+5).
   Stlth:     It makes you more stealthy.
 Q - the ring "Xataxes" (right claw) {rElec Will+ AC+4 Int+2 Dex+3}
   (You found it on level 5 of the Vaults)

   [ring of protection]

   AC:        It affects your AC (+4).
   Int:       It affects your intelligence (+2).
   Dex:       It affects your dexterity (+3).
   rElec:     It insulates you from electricity.
   Will:      It increases your willpower.
 R - a ring of protection from fire
 W - a +4 ring of evasion (left claw)
Wands
 n - a wand of mindburst (25)
 q - a wand of flame (112)
 B - a wand of polymorph (44)
 C - a wand of roots (15)
 H - a wand of light (22)
 M - a wand of paralysis (37)
 X - a wand of digging (11)
Scrolls
 b - 15 scrolls of immolation
 i - 10 scrolls of teleportation
 u - 40 scrolls of identify
 x - 11 scrolls of enchant armour
 y - 8 scrolls of amnesia
 A - a scroll of brand weapon
 F - 7 scrolls of silence
 I - 5 scrolls of poison
 J - a scroll of fear
Potions
 d - 6 potions of mutation
 f - 13 potions of lignification
 h - 3 potions of ambrosia
 k - 8 potions of flight
 l - 4 potions of heal wounds
 o - 4 potions of invisibility
 t - 15 potions of curing
 v - 3 potions of resistance
 z - 5 potions of berserk rage
 T - 2 potions of cancellation
 V - 2 potions of might
 Z - 4 potions of magic
Miscellaneous
 w - a condenser vane


   Skills:
 + Level 20.4 Fighting
 - Level 2.6 Ranged Weapons
 + Level 18.0 Throwing
 - Level 10.0 Armour
 + Level 8.0 Dodging
 - Level 0.3 Stealth
 - Level 10.0 Shields
 - Level 26.4 Unarmed Combat
 - Level 10.0 Invocations
 - Level 10.0 Evocations


You had 22 spell levels left.
You knew the following spells:

 Your Spells              Type           Power      Damage    Failure   Level
a - Apportation           Tloc           0%         N/A       100%        1

Your spell library contained the following spells:

 Spells                   Type           Power      Damage    Failure   Level
 Magic Dart               Conj           0%         1d3       100%        1
 Necrotise                Necr           0%         1d4       100%        1
 Sandblast                Erth           0%         2d4       100%        1
 Shock                    Conj/Air       0%         1d3       100%        1
 Slow                     Hex            0%         N/A       100%        1
 Sting                    Tmut/Pois      0%         1d3       100%        1
 Blink                    Tloc           0%         N/A       100%        2
 Passwall                 Tmut/Erth      0%         N/A       100%        2
 Poisonous Vapours        Pois/Air       0%         N/A       100%        2
 Sublimation of Blood     Necr           0%         N/A       100%        2
 Confusing Touch          Hex            0%         N/A       100%        3
 Dazzling Flash           Conj/Hex       0%         N/A       100%        3
 Ignite Poison            Fire/Tmut/Pois 0%         N/A       100%        3
 Inner Flame              Hex/Fire       0%         N/A       100%        3
 Mephitic Cloud           Conj/Pois/Air  0%         N/A       100%        3
 Spider Form              Tmut/Pois      0%         N/A       100%        3
 Swiftness                Air            0%         N/A       100%        3
 Vampiric Draining        Necr           0%         2d6       100%        3
 Cause Fear               Hex            0%         N/A       100%        4
 Corpse Rot               Necr/Pois/Air  0%         N/A       100%        4
 Fulminant Prism          Conj/Hex       0%         3d6       100%        4
 Iskenderun's Mystic Bla  Conj/Tloc      0%         2d3       100%        4
 Leda's Liquefaction      Hex/Erth       0%         N/A       100%        4
 Olgreb's Toxic Radiance  Pois           0%         N/A       100%        4
 Passage of Golubria      Tloc           0%         N/A       100%        4
 Alistair's Intoxication  Tmut/Pois      0%         N/A       100%        5
 Blade Hands              Tmut           0%         N/A       100%        5
 Borgnjor's Vile Clutch   Necr/Erth      0%         N/A       100%        5
 Fireball                 Conj/Fire      0%         3d3       100%        5
 Freezing Cloud           Conj/Ice/Air   0%         6-21      100%        5
 Irradiate                Conj/Tmut      0%         3d11      100%        5
 Lee's Rapid Deconstruct  Erth           0%         3d5*      100%        5
 Lightning Bolt           Conj/Air       0%         1d11      100%        5
 Manifold Assault         Tloc           0%         N/A       100%        5
 Silence                  Hex/Air        0%         N/A       100%        5
 Yara's Violent Unravell  Hex/Tmut       0%         3d3       100%        5
 Eringya's Noxious Bog    Tmut/Pois      0%         N/A       100%        6
 Iron Shot                Conj/Erth      0%         9d1       100%        6
 Starburst                Conj/Fire      0%         6d3       100%        6
 Statue Form              Tmut/Erth      0%         N/A       100%        6
 Dragon Form              Tmut           0%         N/A       100%        7
 Enfeeble                 Hex            0%         N/A       100%        7
 Ozocubu's Refrigeration  Ice            0%         4d7       100%        7
 Storm Form               Tmut/Air       0%         N/A       100%        7
 Discord                  Hex            0%         N/A       100%        8
 Ignition                 Fire           0%         3d3       100%        8
 Lehudib's Crystal Spear  Conj/Erth      0%         10d2      100%        8
 Maxwell's Capacitive Co  Air            0%         ∞         100%        8
 Necromutation            Tmut/Necr      0%         N/A       100%        8
 Chain Lightning          Conj/Air       0%         N/A       100%        9
 Fire Storm               Conj/Fire      0%         5d1       100%        9
 Polar Vortex             Ice            0%         N/A       100%        9
 Shatter                  Erth           0%         3d5*      100%        9
 Summon Small Mammal      Summ           Unusable   N/A       N/A         1
 Call Imp                 Summ           Unusable   N/A       N/A         2
 Animate Armour           Summ/Erth      Unusable   N/A       N/A         4
 Summon Lightning Spire   Summ/Air       Unusable   N/A       N/A         4
 Simulacrum               Ice/Necr       Unusable   N/A       N/A         6

Dungeon Overview and Level Annotations

Branches:
Dungeon (15/15)            Temple (0/1) D:7            Lair (5/5) D:9
 Shoals (4/4) Lair:3        Snake (4/4) Lair:2        Slime (0/5) Lair:5
    Orc (2/2) D:12            Elf (0/3) Orc:2        Vaults (5/5) D:14
  Crypt (0/3) Vaults:3     Depths (4/4) D:15            Zot (5/5) Depths:4
  IceCv (visited)         Gauntlet (visited)

Altars:
Ashenzari
Cheibriados
Elyvilon
Hepliaklqana
Kikubaaqudgha
Nemelex Xobeh
Okawaru
Qazlal
Sif Muna
Vehumet
Xom
Zin
The Shining One

Shops:
D:1 *   D:3 (   D:14 :   Orc:1 (   Orc:2 *[**[   Shoals:2 [   Snake:3 :=:*
Vaults:4 (

Portals:
Hell: Depths:1 Depths:2 Depths:3 Depths:4
Abyss: Depths:1 Depths:3 Depths:4
Pandemonium: Depths:2 Depths:3 Depths:4
Ziggurat: Depths:1

Annotations:
D:4 Duvessa
Shoals:1 Roxanne
Vaults:2 36 runed doors, exclusion: obsidian statue


Innate Abilities, Weirdness & Mutations

You are too large for most types of armour.
You have claws for hands.
Your natural rate of healing is unusually fast.
You are covered in fur. (AC +1)
You have tough skin. (AC +1)
Your magical capacity is low. (-10% MP)
You are weak. (Str -2)


Message History

Press: ? - help, Shift-Dir - straight line A rock wall.
This square is covered in magical glow.
The rock shatters into small pieces.
A demonic crawler comes into view.
The demonic crawler gives a hideous shriek!
The demonic crawler shrieks in warning!
You mangle the demonic crawler!!
The demonic crawler is heavily wounded.
You block the demonic crawler's attack. The demonic crawler hits you!
The demonic crawler closely misses you.
You eviscerate the demonic crawler!!!
You kill the demonic crawler!
Okawaru accepts your kill.
Aiming: Dig
Press: ? - help, Shift-Dir - straight line A rock wall.
This square is covered in magical glow.
The rock shatters into small pieces.
There is a stone staircase leading up here.
You climb upwards.
There is a stone staircase leading down here.
The gnoll shouts!
You hear a shout! x2
The gnoll shouts!
The gnoll shouts!
The gnoll hits you but does no damage. The gnoll attacks as you move away!
You block the gnoll's attack. The gnoll attacks as you move away!
You block the gnoll's attack.
You see here a +0 whip.
The gnoll attacks as you move away! The gnoll closely misses you.
There is a stone staircase leading up here.
You climb upwards.
There is a stone staircase leading down here.
You eviscerate the gnoll!!!
You kill the gnoll!
Okawaru accepts your kill.
You see here a +0 flail.
An Ice Fiend comes into view.
There is a staircase leading out of the dungeon here.
You have escaped!

....# #..P.P........##
....# #.P#~#P........#
....# #.##~##......#.#
#####
##.~~~~~..#...#.#
#..##~##......#.#
#..P#~#P.#....#.#
#...P.P..#......#
####..........#..###
#.......@........#
######
#.###.......##...#
.....# #.#
#..P.P..##...# .....#
#.# #.P#~#P..#...#
.....# #.#
#.##~##......# .....#
#.###.~~~~~.##...#####
.....#
#...#.##~##.##.......#
.....#
#.#.#.P#~#P........#.#
.....#
#.#.#..P.P..###.##.#.#


There were no monsters in sight!

Vanquished Creatures
  An ancient lich (Vaults:5)
  3 orbs of fire
  2 dread liches
  Mara (Depths:2)
  3 juggernauts
  2 Killer Klowns
  Vashnia (Snake:2)
  A caustic shrike (Depths:2)
  A curse toe (Zot:4)
  9 golden dragons
  A pandemonium lord (Zot:4)
  Jory (Depths:3)
  A bone dragon (Depths:4)
  21 Orb Guardians
  Jorgrun (Orc:2)
  7 tentacled monstrosities
  11 titans
  A Hell Sentinel (Zot:4)
  A walking earthen tome (Depths:2)
  5 liches
  3 walking divine tomes (Depths:3)
  A quicksilver dragon (Zot:1)
  2 walking frostbound tomes
  Gastronok (Lair:3)
  4 sphinxes
  2 death cobs
  Frances (D:13)
  Kirke (Snake:2)
  9 shadow dragons
  9 tengu reavers
  4 draconian monks
  3 nagarajas
  10 storm dragons
  2 draconian scorchers
  9 frost giants
  A balrug (Depths:2)
  10 fire giants
  15 vault wardens
  4 orc warlords
  A draconian stormcaller (Depths:4)
  4 spriggan defenders
  A draconian shifter (Zot:5)
  3 draconian annihilators
  4 war gargoyles (Vaults:5)
  21 ironbound preservers
  20 very ugly things
  A reaper (Depths:4)
  18 stone giants
  A vampire knight (Depths:2)
  6 ironbound thunderhulks (Vaults:4)
  2 black draconians
  An entropy weaver (Vaults:1)
  19 dire elephants
  A red draconian (Zot:1)
  8 white draconians
  A deep elf demonologist (Vaults:5)
  2 deep elf annihilators
  A minotaur (Gauntlet)
  2 yellow draconians (Zot:1)
  3 green draconians
  3 purple draconians
  3 spark wasps
  3 merfolk javelineers
  A deep elf death mage (Vaults:5)
  15 ettins
  12 fire dragons
  8 merfolk impalers
  4 great orbs of eyes
  18 yaktaur captains
  A deep elf high priest (Vaults:5)
  An ogre mage (D:15)
  2 rakshasas
  14 ice dragons
  Fannar (D:11)
  36 vault guards
  2 catoblepae (Lair:5)
  2 salamander tyrants (Snake:4)
  3 hydras
  5 boulder beetles
  4 spriggan air magi
  An ice dragon (shapeshifter) (Depths:3)
  16 ironbound frosthearts
  5 merfolk avatars
  3 satyrs (Shoals:3)
  13 anacondas
  An alligator snapping turtle (Shoals:2)
  17 centaur warriors
  12 naga warriors
  2 death knights
  6 deep troll earth magi
  10 death yaks
  7 merfolk aquamancers
  15 shock serpents
  9 two-headed ogres
  7 deep troll shamans
  10 tengu warriors
  2 vampire magi
  Sonja (Lair:1)
  18 hell knights
  A shock serpent (shapeshifter) (Vaults:5)
  5 spriggan berserkers
  16 naga sharpshooters
  A fire crab (shapeshifter) (D:10)
  5 iron trolls
  4 salamander mystics
  4 skeletal warriors (D:14)
  5 sun demons
  4 spriggans
  A fire crab (Shoals:3)
  2 shadow wraiths (Vaults:5)
  A kraken simulacrum (Shoals:4)
  2 flayed ghosts
  4 naga ritualists
  2 glowing orange brains (Depths:2)
  5 lindwurms
  An orange crystal statue (IceCv)
  67 deep trolls
  A shadow demon (Depths:2)
  15 sea snakes
  11 orc knights
  19 ironbound convokers
  8 wizards
  A swamp dragon (shapeshifter) (Vaults:5)
  2 phantasmal warriors
  4 necromancers
  2 wolf spiders (D:15)
  2 tengu skeletons
  7 harpies
  4 deep elf pyromancers
  8 mana vipers
  Pikel (D:7)
  A human zombie (Vaults:4)
  A shining eye (shapeshifter) (Vaults:4)
  An orc sorcerer (Orc:2)
  3 cyclopes
  20 salamanders
  22 fauns
  13 manticores
  A salamander (shapeshifter) (D:15)
  50 ugly things
  14 moths of wrath
  6 elephants
  7 guardian serpents
  A stone giant skeleton (Vaults:3)
  14 naga magi
  6 torpor snails
  9 merfolk sirens
  33 black mambas
  A human skeleton (Vaults:4)
  An orange demon (Depths:4)
  4 rust devils
  11 vault sentinels
  A gargoyle (D:12)
  5 water nymphs
  16 cane toads
  2 smoke demons
  An eye of devastation (shapeshifter) (Vaults:5)
  5 kobold demonologists
  2 komodo dragons (shapeshifter)
  A demonic crawler (D:3)
  An elf zombie (Vaults:3)
  13 rime drakes
  A tormentor (Depths:3)
  7 komodo dragons
  An efreet (D:15)
  31 yaktaurs
  4 tengu conjurers
  An ice devil (Depths:3)
  3 hellwings
  14 polar bears
  A freezing wraith (Vaults:4)
  28 merfolk
  4 trolls
  A tarantella (Vaults:1)
  12 hornets
  11 wind drakes
  5 blink frogs
  A blink frog (shapeshifter) (D:13)
  3 raiju (Lair:5)
  3 tyrant leeches (Lair:5)
  17 dream sheep
  22 slime creatures
  6 snapping turtles
  4 flying skulls (Gauntlet)
  Sigmund (D:4)
  2 wraiths
  2 vampires
  6 water elementals
  5 shadows
  2 hogs (Snake:2)
  2 fire bats (Shoals:3)
  2 humans (Snake:2)
  An ettin skeleton (Vaults:3)
  65 yaks
  4 chaos spawn
  6 wyverns
  4 steam dragons
  8 vampire mosquitoes
  A redback (shapeshifter) (Vaults:5)
  2 redbacks (Vaults:1)
  4 basilisks
  6 wargs
  2 acid dragons
  3 swamp worms (Gauntlet)
  23 nagas
  A glowing shapeshifter zombie (Vaults:4)
  14 hell hounds (Lair:5)
  A meliai simulacrum (D:14)
  16 water moccasins
  5 ice beasts
  24 orc warriors
  12 black bears
  A glowing shapeshifter skeleton (Vaults:3)
  A black bear (shapeshifter) (D:15)
  19 wolves
  11 ogres
  A lemure (D:7)
  7 kobold brigands
  4 phantoms
  16 centaurs
  11 bullfrogs
  3 scorpions
  A gnoll sergeant (D:5)
  A glowing shapeshifter simulacrum (Vaults:4)
  A troll zombie (D:12)
  5 wights
  Dowan (D:4)
  10 killer bees
  3 howler monkeys
  3 hounds
  11 orc priests
  A gnoll bouda (D:8)
  2 jellies
  2 iguanas
  19 orc wizards
  5 hell rats
  5 ogre zombies (D:12)
  9 gnolls
  11 adders
  A white imp (D:6)
  2 worms
  4 dart slugs
  53 orcs
  7 endoplasms
  9 giant cockroaches
  6 goblins
  4 hobgoblins
  A quokka (D:1)
  10 ball pythons
  13 bats
  4 frilled lizards
  A goblin zombie (D:12)
  A hobgoblin skeleton (D:12)
  21 kobolds
  An orc skeleton (D:12)
  15 orc zombies (D:12)
  3 rats
  A plant (Lair:5)
  A tentacle (Shoals:4)
1785 creatures vanquished.

Vanquished Creatures (others)
  A frost giant (Depths:3)
  A spriggan berserker (Depths:4)
  A freezing wraith (Vaults:5)
  A centaur (D:9)
  An orc wizard (Orc:2)
  2 orcs (Orc:2)
  4 kobolds (D:6)
  A bush (Shoals:2)
  2 butterflies (D:6)
  23 fungi
  91 plants
  4 tentacles (Shoals:4)
  25 withered plants (Gauntlet)
157 creatures vanquished.

Grand Total: 1942 creatures vanquished

Notes
Turn   | Place    | Note
-------+----------+-------------------------------------------
     0 | D:1      | Strat the Troll Hunter began the quest for the Orb.
     0 | D:1      | Reached XP level 1. HP: 19/19 MP: 0/0
    86 | D:1      | Reached skill level 1 in Unarmed Combat
   150 | D:1      | Found Juziafre's Assorted Antiques.
   190 | D:1      | Reached XP level 2. HP: 27/27 MP: 1/1
   254 | D:1      | Reached skill level 2 in Unarmed Combat
   302 | D:1      | Found a faded altar of an unknown god.
  1477 | D:3      | Found an iron altar of Okawaru.
  1506 | D:3      | Reached XP level 3. HP: 33/33 MP: 2/2
  1520 | D:3      | Became a worshipper of Warmaster Okawaru
  1668 | D:3      | Reached skill level 3 in Unarmed Combat
  1778 | D:3      | Reached XP level 4. HP: 29/41 MP: 3/3
  1913 | D:3      | Found Biuczan's Antique Weapon Boutique.
  2261 | D:3      | Reached skill level 4 in Unarmed Combat
  2322 | D:4      | Noticed Sigmund
  2515 | D:4      | Reached XP level 5. HP: 48/48 MP: 4/4
  2557 | D:4      | Reached * piety under Okawaru
  2558 | D:4      | Reached skill level 5 in Unarmed Combat
  2782 | D:4      | Found a glowing golden altar of the Shining One.
  2996 | D:4      | Noticed Dowan
  3022 | D:4      | Found a stormy altar of Qazlal.
  3051 | D:4      | Noticed Duvessa
  3298 | D:4      | Reached XP level 6. HP: 47/59 MP: 5/5
  3313 | D:4      | Learned a level 1 spell: Apportation
  3361 | D:4      | Found a broken altar of Ashenzari.
  3604 | D:5      | Entered Level 5 of the Dungeon
  3662 | D:5      | Identified the +1 robe of Pathos {+Blink rF- Int+10 Slay-5}
  3770 | D:5      | Reached skill level 6 in Unarmed Combat
  3847 | D:5      | Found the +1 Delatra's gloves {ID++}
  3851 | D:5      | Noticed an orc warrior
  3951 | D:4      | Killed Dowan
  4115 | D:5      | Reached XP level 7. HP: 53/67 MP: 6/6
  4165 | D:5      | Reached ** piety under Okawaru
  4166 | D:5      | Reached skill level 7 in Unarmed Combat
  4885 | D:6      | Found a radiant altar of Vehumet.
  4922 | D:5      | Reached skill level 8 in Unarmed Combat
  5008 | D:6      | Found a shimmering altar of Xom.
  5093 | D:6      | Reached XP level 8. HP: 75/75 MP: 7/7
  5163 | D:6      | Reached skill level 9 in Unarmed Combat
  5199 | D:6      | Found a snail-covered altar of Cheibriados.
  5201 | D:6      | Found an ancient bone altar of Kikubaaqudgha.
  5243 | D:6      | Reached *** piety under Okawaru
  5696 | D:7      | Found a hazy altar of Hepliaklqana.
  5966 | D:7      | Noticed Pikel
  5983 | D:7      | Killed Pikel
  5983 | D:7      | Reached **** piety under Okawaru
  5984 | D:7      | Reached skill level 5 in Fighting
  5984 | D:7      | Reached skill level 10 in Unarmed Combat
  5984 | D:7      | Reached XP level 9. HP: 78/88 MP: 8/8
  6349 | D:7      | Reached skill level 11 in Unarmed Combat
  6401 | D:7      | Found a staircase to the Ecumenical Temple.
  6423 | D:7      | You fall into a shaft and drop 1 floor!
  6436 | D:8      | Noticed a troll
  6451 | D:8      | Killed a troll
  6532 | D:8      | Reached ***** piety under Okawaru
  6578 | D:8      | Identified the +7 longbow "Herchij" {freeze, Will+}
                  | (Okawaru gifted it to you on level 8 of the Dungeon)
  6578 | D:8      | Received a gift from Okawaru
  6579 | D:8      | Reached skill level 12 in Unarmed Combat
  6644 | D:8      | Reached skill level 1 in Armour
  6644 | D:8      | Reached skill level 1 in Invocations
  7300 | D:9      | Reached XP level 10. HP: 65/98 MP: 10/10
  7618 | D:9      | Found a staircase to the Lair.
  8276 | D:9      | Reached skill level 13 in Unarmed Combat
  8349 | D:9      | Identified the +5 hat of the Jackalope {rPois Regen+ Dex-2
                  | Stlth+} (Okawaru gifted it to you on level 9 of the
                  | Dungeon)
  8349 | D:9      | Received a gift from Okawaru
  8501 | D:9      | Reached skill level 5 in Invocations
  8509 | D:9      | Reached XP level 11. HP: 105/105 MP: 13/13
  8534 | D:9      | Noticed a deep elf pyromancer
  8549 | D:9      | Killed a deep elf pyromancer
  8753 | D:10     | Entered Level 10 of the Dungeon
  8887 | D:10     | Reached skill level 5 in Armour
  9290 | D:10     | Noticed a fire crab
  9303 | D:10     | Killed a fire crab
  9718 | D:11     | Noticed a two-headed ogre
  9738 | D:10     | Killed a two-headed ogre
  9739 | D:10     | Reached skill level 14 in Unarmed Combat
 10114 | D:11     | Noticed Fannar
 10140 | D:11     | Killed Fannar
 10202 | D:11     | Reached skill level 15 in Unarmed Combat
 10205 | D:11     | Reached skill level 1 in Throwing
 10539 | D:11     | Noticed a two-headed ogre
 10555 | D:11     | Killed a two-headed ogre
 10715 | D:12     | Noticed a two-headed ogre
 10722 | D:12     | Killed a two-headed ogre
 10722 | D:12     | Reached ****** piety under Okawaru
 10723 | D:12     | Reached XP level 12. HP: 92/115 MP: 11/15
 10834 | D:12     | Noticed a boulder beetle
 10920 | D:12     | Killed a boulder beetle
 11045 | D:12     | Noticed a two-headed ogre
 11053 | D:12     | Killed a two-headed ogre
 11327 | D:12     | Found a staircase to the Orcish Mines.
 11329 | D:12     | Noticed a boulder beetle
 11348 | D:12     | Killed a boulder beetle
 11349 | D:12     | Reached skill level 5 in Throwing
 11352 | D:12     | Received a gift from Okawaru
 11487 | D:12     | Identified the +5 leather armour "Isapy" {Contam Fly
                  | Regen+}
 11790 | D:13     | Noticed a tengu warrior
 11851 | D:13     | Noticed Frances
 11950 | Lair:1   | Entered Level 1 of the Lair of Beasts
 11980 | Lair:1   | Received a gift from Okawaru
 12143 | Lair:1   | Noticed Sonja
 12291 | Lair:1   | Killed Sonja
 12822 | Lair:2   | Found a gate leading to a gauntlet.
 12847 | Gauntlet | Entered a Gauntlet
 12847 | Gauntlet | Found a transporter.
 12847 | Gauntlet | Found a transporter.
 12847 | Gauntlet | Found a transporter.
 12857 | Gauntlet | Found a transporter.
 12868 | Gauntlet | Noticed a tengu warrior
 12873 | Gauntlet | Reached skill level 10 in Fighting
 12880 | Gauntlet | Found a transporter.
 12958 | Gauntlet | Found a transporter.
 12960 | Gauntlet | Found a transporter.
 13025 | Gauntlet | Found a transporter.
 13041 | Gauntlet | Found a transporter.
 13044 | Gauntlet | Identified the ring "Enuok" {Ice Slay+3}
 13069 | Gauntlet | Found a transporter.
 13111 | Gauntlet | Found a transporter.
 13139 | Gauntlet | Noticed a minotaur
 13147 | Gauntlet | Killed a minotaur
 13154 | Gauntlet | Got Sif Muna's Book of Crystalline Evolution
 13302 | Lair:2   | Reached XP level 13. HP: 133/133 MP: 16/16
 13318 | Lair:2   | Received a gift from Okawaru
 13594 | Lair:2   | Received a gift from Okawaru
 13640 | Lair:2   | Found a staircase to the Snake Pit.
 14344 | Lair:3   | Noticed Gastronok
 14500 | Lair:3   | Killed Gastronok
 14908 | Lair:3   | Found a staircase to the Shoals.
 15175 | Lair:4   | Reached skill level 16 in Unarmed Combat
 15337 | Lair:4   | Identified the +6 hand crossbow "Urabbeask" {elec, rElec
                  | rF- Int+2} (Okawaru gifted it to you on level 4 of the Lair
                  | of Beasts)
 15337 | Lair:4   | Received a gift from Okawaru
 15945 | Lair:5   | Entered Level 5 of the Lair of Beasts
 15994 | Lair:5   | Found a staircase to the Slime Pits.
 16277 | Lair:4   | Reached XP level 14. HP: 133/143 MP: 16/19
 16433 | Lair:5   | Received a gift from Okawaru
 16701 | Lair:5   | Reached skill level 17 in Unarmed Combat
 17035 | Lair:5   | Found a runed translucent door.
 17144 | Lair:5   | Reached skill level 10 in Throwing
 17711 | Lair:5   | Identified the +2 hat "Riatu" {SInv} (Okawaru gifted it to
                  | you on level 5 of the Lair of Beasts)
 17711 | Lair:5   | Received a gift from Okawaru
 17907 | Lair:5   | Reached skill level 18 in Unarmed Combat
 18554 | Orc:1    | Entered Level 1 of the Orcish Mines
 18571 | Orc:1    | Found Yhattinn's Antique Weapon Boutique.
 18974 | Orc:2    | Entered Level 2 of the Orcish Mines
 19148 | Orc:2    | Noticed Jorgrun
 19244 | Orc:2    | Found Suhegh's Assorted Antiques.
 19275 | Orc:2    | Killed Jorgrun
 19276 | Orc:2    | Reached XP level 15. HP: 91/149 MP: 4/20
 19500 | Orc:2    | Found a staircase to the Elven Halls.
 20007 | Orc:2    | Found Etwoneq's Assorted Antiques.
 20007 | Orc:2    | Found Guekurr's General Store.
 20009 | Orc:2    | Found Mownext's Armour Shop.
 20011 | Orc:2    | Found Cech's Armour Emporium.
 20015 | Orc:2    | Bought a scroll of teleportation for 84 gold pieces
 20015 | Orc:2    | Bought a scroll of blinking for 210 gold pieces
 20016 | Orc:2    | Bought a scroll of teleportation for 39 gold pieces
 20356 | D:13     | Identified a scroll of acquirement
 20356 | D:13     | Acquired 1027 gold pieces
 20466 | D:13     | Killed Frances
 20727 | D:13     | Received a gift from Okawaru
 20755 | D:13     | Got Cerebov's Cyclopedia of the Scorching Barrage
 21122 | D:14     | Received a gift from Okawaru
 21122 | D:14     | Found the +10 tower shield of Ignorance {rN+ Int-4}
 21309 | D:14     | Reached skill level 19 in Unarmed Combat
 21457 | D:14     | Found a gate to the Vaults.
 21460 | D:14     | Acquired 543 gold pieces
 21482 | D:14     | Found Dofuec's Vocational Training.
 21500 | D:14     | Bought a manual of Evocations for 1200 gold pieces
 21637 | D:14     | Reached skill level 1 in Evocations
 21953 | D:15     | Entered Level 15 of the Dungeon
 22018 | D:15     | Found a frozen archway.
 22029 | IceCv    | Entered an ice cave
 22342 | IceCv    | Lost intelligence.
 22448 | IceCv    | Reached skill level 5 in Evocations
 22534 | IceCv    | Noticed a frost giant
 22534 | IceCv    | Noticed a frost giant
 22546 | IceCv    | Killed a frost giant
 22546 | IceCv    | Received a gift from Okawaru
 22553 | IceCv    | Killed a frost giant
 22573 | IceCv    | Received a gift from Okawaru
 22808 | D:15     | Reached skill level 20 in Unarmed Combat
 22884 | D:15     | Reached XP level 16. HP: 117/158 MP: 13/21
 22889 | D:15     | Identified the +1 shadow dragon scales of the Sailor {Drain
                  | rF+++ rCorr Dex+4 Stlth++++} (Okawaru gifted it to you on
                  | level 15 of the Dungeon)
 22889 | D:15     | Received a gift from Okawaru
 23317 | D:15     | Found a staircase to the Depths.
 23595 | Snake:1  | Entered Level 1 of the Snake Pit
 23599 | Snake:1  | Found a shimmering blue altar of Sif Muna.
 24141 | Snake:1  | Received a gift from Okawaru
 24676 | Snake:2  | Received a gift from Okawaru
 24699 | Snake:2  | Reached skill level 10 in Evocations
 24772 | Snake:2  | Noticed Kirke
 24800 | Snake:2  | Killed Kirke
 24939 | Snake:2  | Noticed Vashnia
 24990 | Snake:2  | Killed Vashnia
 25345 | Snake:2  | Reached skill level 10 in Armour
 25649 | Snake:3  | Found Gujenweon's Neck Hole.
 25659 | Snake:3  | Reached XP level 17. HP: 160/172 MP: 18/22
 26034 | Snake:3  | Identified the +1 robe of Bepuymit {Rampage *Slow rPois
                  | rF++}
 26283 | Snake:3  | Found Ocaich's Book Emporium.
 26283 | Snake:3  | Found Fitrirud's Jewellery Boutique.
 26284 | Snake:3  | Found Dyizek's Book Emporium.
 26365 | Snake:3  | Received a gift from Okawaru
 26507 | Snake:4  | Entered Level 4 of the Snake Pit
 27463 | Snake:4  | Identified the +1 leather armour of Tuakhefu {Fly rC+
                  | Regen+}
 27641 | Snake:4  | Received a gift from Okawaru
 27965 | Snake:4  | Identified the +3 ice dragon scales of Altruism {Harm rF-
                  | rC++ Dex+5} (Okawaru gifted it to you on level 4 of the
                  | Snake Pit)
 27965 | Snake:4  | Received a gift from Okawaru
 27989 | Snake:4  | Identified the +2 hand axe of Premature Burial {drain,
                  | Int+8}
 28620 | Snake:4  | Got a serpentine rune of Zot
 28921 | Shoals:1 | Entered Level 1 of the Shoals
 29040 | Shoals:1 | Reached skill level 10 in Invocations
 29109 | Shoals:1 | Found a stormy altar of Qazlal.
 29439 | Shoals:1 | Identified Roxanne's Verses on Transfiguration
 29439 | Shoals:1 | Noticed Roxanne
 30189 | Shoals:2 | Reached XP level 18. HP: 145/188 MP: 16/24
 30667 | Shoals:2 | Found Tokoyo's Dragon-Slaying Spoils.
 30674 | Shoals:2 | Bought the +9 gold dragon scales of Vlad {+Blink rPois rF+
                  | rC+ Will+++ Regen+ Stlth-} for 2113 gold pieces
 30841 | Shoals:3 | Identified the +2 dagger of Due Proportion {vorpal, rPois
                  | Str-4 Dex+2} (Okawaru gifted it to you on level 3 of the
                  | Shoals)
 30841 | Shoals:3 | Received a gift from Okawaru
 31829 | Shoals:3 | Reached skill level 1 in Shields
 31882 | Shoals:3 | Received a gift from Okawaru
 32398 | Shoals:4 | Entered Level 4 of the Shoals
 32548 | Shoals:4 | Got Qexat's Papyrus of the Birds and Transmutation
 32680 | Shoals:4 | Received a gift from Okawaru
 32760 | Shoals:4 | Identified the +9 scimitar "Testudinebane" {freeze, rC-
                  | Str+2 Dex+3}
 32906 | Shoals:4 | Identified the +0 robe of the Sailor {rElec Will+}
 33418 | Shoals:4 | Reached skill level 5 in Shields
 33437 | Shoals:4 | Reached skill level 15 in Fighting
 33457 | Shoals:4 | Got a barnacled rune of Zot
 34022 | Vaults:1 | Entered Level 1 of the Vaults
 35028 | Vaults:1 | Received a gift from Okawaru
 35114 | Vaults:1 | Received a gift from Okawaru
 35126 | Vaults:1 | Reached XP level 19. HP: 201/201 MP: 25/25
 35375 | Vaults:1 | Received a gift from Okawaru
 35952 | Vaults:2 | Received a gift from Okawaru
 36089 | Vaults:2 | Received a gift from Okawaru
 36170 | Vaults:2 | Found a huge runed gate.
 36170 | Vaults:2 | Found a huge runed gate.
 36170 | Vaults:2 | Found a huge runed gate.
 36170 | Vaults:2 | Found a huge runed gate.
 36170 | Vaults:2 | Found a huge runed gate.
 36170 | Vaults:2 | Found a huge runed gate.
 36171 | Vaults:2 | Found a huge runed gate.
 36171 | Vaults:2 | Found a huge runed gate.
 36171 | Vaults:2 | Found a huge runed gate.
 36171 | Vaults:2 | Found a huge runed gate.
 36174 | Vaults:2 | Found a huge runed gate.
 36174 | Vaults:2 | Found a huge runed gate.
 36174 | Vaults:2 | Found a huge runed gate.
 36174 | Vaults:2 | Found a huge runed gate.
 36174 | Vaults:2 | Found a huge runed gate.
 36174 | Vaults:2 | Found a huge runed gate.
 36175 | Vaults:2 | Found a huge runed gate.
 36176 | Vaults:2 | Found a huge runed gate.
 36177 | Vaults:2 | Found a huge runed gate.
 36304 | Vaults:2 | Found a huge runed gate.
 36304 | Vaults:2 | Found a huge runed gate.
 36304 | Vaults:2 | Found a huge runed gate.
 36304 | Vaults:2 | Found a huge runed gate.
 36304 | Vaults:2 | Found a huge runed gate.
 36304 | Vaults:2 | Found a huge runed gate.
 36305 | Vaults:2 | Found a huge runed gate.
 36449 | Vaults:2 | Found a huge runed gate.
 36450 | Vaults:2 | Found a huge runed gate.
 36458 | Vaults:2 | Found a huge runed gate.
 36458 | Vaults:2 | Found a huge runed gate.
 36458 | Vaults:2 | Found a huge runed gate.
 36458 | Vaults:2 | Found a huge runed gate.
 36458 | Vaults:2 | Found a huge runed gate.
 36458 | Vaults:2 | Found a huge runed gate.
 36459 | Vaults:2 | Found a huge runed gate.
 36460 | Vaults:2 | Found a huge runed gate.
 37403 | Vaults:3 | You fall into a shaft and drop 1 floor!
 37432 | Vaults:4 | Reached skill level 10 in Shields
 37864 | Vaults:4 | Received a gift from Okawaru
 38592 | Vaults:4 | Reached XP level 20. HP: 213/213 MP: 26/26
 38598 | Vaults:4 | Received a gift from Okawaru
 38656 | Vaults:4 | Reached skill level 21 in Unarmed Combat
 38956 | Vaults:4 | Found Jiwkesu's Antique Weapon Shoppe.
 39168 | Vaults:4 | Received a gift from Okawaru
 39406 | Vaults:4 | Received a gift from Okawaru
 39551 | Vaults:4 | Received a gift from Okawaru
 39862 | Vaults:3 | Received a gift from Okawaru
 39862 | Vaults:3 | Found the +0 mask of the Dragon {Will+ Slay+3 SInv}
 40671 | Vaults:3 | Found a staircase to the Crypt.
 41277 | Depths:1 | Entered Level 1 of the Depths
 41279 | Depths:1 | Found a one-way gateway to a ziggurat.
 41300 | Depths:1 | Reached skill level 22 in Unarmed Combat
 41333 | Depths:1 | Found a gateway to Hell.
 41410 | Depths:1 | Found a one-way gate to the infinite horrors of the Abyss.
 41859 | Snake:3  | Bought an amulet of reflection for 570 gold pieces
 42305 | Depths:1 | Found a shimmering altar of Xom.
 42804 | Depths:2 | Noticed a juggernaut
 42819 | Depths:2 | Noticed a golden dragon
 42820 | Depths:2 | Killed a juggernaut
 42820 | Depths:2 | Identified the ring "Zipt" {Ice rN+}
 42838 | Depths:2 | Killed a golden dragon
 42839 | Depths:2 | Reached XP level 21. HP: 227/227 MP: 27/27
 42844 | Depths:2 | Received a gift from Okawaru
 42888 | Depths:2 | Received a gift from Okawaru
 43094 | Depths:2 | Got the Book of Execration and Fog
 43096 | Depths:2 | Noticed a caustic shrike
 43097 | Depths:2 | Got An Early Guide to Sorcery
 43114 | Depths:2 | Killed a caustic shrike
 43295 | Depths:2 | Identified the +1 robe of Distant Shores {Str+5 Dex+2}
                  | (Okawaru gifted it to you on level 2 of the Depths)
 43295 | Depths:2 | Received a gift from Okawaru
 43392 | Depths:2 | Found a one-way gate leading to the halls of Pandemonium.
 43955 | Depths:2 | Identified the +3 ring mail "Oteus" {Harm rN+ Int+4}
 44061 | Depths:2 | Found a sparkling altar of Nemelex Xobeh.
 44412 | Depths:3 | Identified the +7 spear of Integrity {vorpal, rElec rPois
                  | Will+ Int+5}
 44631 | Depths:3 | Identified the +6 great sword of Heank {drain, rN+}
 44631 | Depths:3 | Noticed Mara
 44633 | Depths:3 | Noticed Strat's illusion
 44674 | Depths:3 | Noticed a golden dragon
 44692 | Depths:3 | Killed a golden dragon
 44693 | Depths:3 | Reached skill level 23 in Unarmed Combat
 44898 | Depths:3 | Noticed a juggernaut
 44911 | Depths:3 | Killed a juggernaut
 45005 | Depths:3 | Received a gift from Okawaru
 45019 | Depths:3 | Noticed a juggernaut
 45038 | Depths:3 | Killed a juggernaut
 45130 | Depths:3 | Identified the +0 chain mail of Subjectivity {Fly Will+
                  | Str+2}
 45145 | Depths:3 | Identified the +8 tower shield "Viarod" {-Cast rF+ rC+++
                  | Dex-4} (Okawaru gifted it to you on level 3 of the Depths)
 45145 | Depths:3 | Received a gift from Okawaru
 45185 | Depths:3 | Noticed Jory
 45203 | Depths:3 | Killed Jory
 45293 | Depths:3 | Reached XP level 22. HP: 240/240 MP: 28/28
 45436 | Depths:3 | Noticed Strat's illusion
 45456 | Depths:2 | Noticed Strat's illusion
 45465 | Depths:2 | Killed Mara
 45466 | Depths:2 | Reached skill level 15 in Throwing
 45848 | Depths:3 | Found a snail-covered altar of Cheibriados.
 45986 | Depths:3 | Noticed a golden dragon
 45997 | Depths:3 | Killed a golden dragon
 46154 | Depths:3 | You fall into a shaft and drop 1 floor!
 46154 | Depths:4 | Entered Level 4 of the Depths
 46154 | Depths:4 | Found a gate to the Realm of Zot.
 46447 | Depths:4 | Reached skill level 24 in Unarmed Combat
 46700 | Depths:4 | Found a glowing golden altar of the Shining One.
 46700 | Depths:4 | Found a glowing silver altar of Zin.
 46700 | Depths:4 | Found a white marble altar of Elyvilon.
 46837 | Depths:4 | Received a gift from Okawaru
 47015 | Depths:4 | Identified the +2 animal skin "Kioluuc" {Harm} (Okawaru
                  | gifted it to you on level 4 of the Depths)
 47015 | Depths:4 | Received a gift from Okawaru
 47777 | Vaults:5 | Entered Level 5 of the Vaults
 47983 | Vaults:5 | Noticed a dread lich
 48014 | Vaults:4 | Killed a dread lich
 48127 | Vaults:4 | Reached skill level 25 in Unarmed Combat
 48360 | Vaults:5 | Noticed an ancient lich
 48613 | Vaults:5 | Reached XP level 23. HP: 183/252 MP: 29/29
 48733 | Vaults:5 | Identified the +7 sling of Okawaru's Reproof {speed, Int+4}
                  | (Okawaru gifted it to you on level 5 of the Vaults)
 48733 | Vaults:5 | Received a gift from Okawaru
 48924 | Vaults:5 | Identified the ring "Xataxes" {rElec Will+ AC+4 Int+2
                  | Dex+3}
 48934 | Vaults:5 | Identified the ring "Miat Zext" {rN+ Str+4}
 49005 | Vaults:5 | Identified the +4 dagger "Gaenuuggo" {vorpal, rN+ Will+
                  | Str+4}
 49005 | Vaults:5 | Identified the ring "Nixem" {rF++ rC- AC+4 Int+4}
 49276 | Vaults:5 | Killed an ancient lich
 49411 | Vaults:5 | Identified the amulet of Xaxidek {Reflect Harm rElec SH+5}
 49461 | Vaults:5 | Received a gift from Okawaru
 49577 | Vaults:5 | Received a gift from Okawaru
 49663 | Vaults:5 | Identified the +1 mace "Impslayer" {vorpal, rPois Int-2
                  | SInv Stlth+}
 49670 | Vaults:5 | Identified the +1 hat "Tyqugurr" {rF+ rN++ Will- Str+3}
 49672 | Vaults:5 | Got the Directory of Stormy Maleficent Rituals
 49934 | Vaults:5 | Identified the amulet of Recklessness {Reflect rC+ rCorr
                  | Dex-4 SH+5 Stlth+}
 49978 | Vaults:5 | Got a silver rune of Zot
 50075 | Vaults:5 | Reached skill level 5 in Dodging
 50075 | Vaults:5 | Reached skill level 26 in Unarmed Combat
 50426 | Zot:1    | Entered Level 1 of the Realm of Zot
 50478 | Zot:1    | Received a gift from Okawaru
 50650 | Zot:3    | Noticed a Killer Klown
 50670 | Zot:3    | Killed a Killer Klown
 50688 | Zot:3    | Noticed an orb of fire
 50697 | Zot:3    | Killed an orb of fire
 50697 | Zot:3    | Identified the +7 hand axe "Lifebane" {antimagic, rC+
                  | Int+3} (Okawaru gifted it to you on level 3 of the Realm of
                  | Zot)
 50697 | Zot:3    | Received a gift from Okawaru
 51370 | Zot:4    | Noticed a curse toe
 51387 | Zot:4    | Killed a curse toe
 51554 | Zot:5    | Entered Level 5 of the Realm of Zot
 51709 | Zot:5    | Identified the +0 pair of boots of the Shrike {rN+}
 52109 | Zot:5    | Received a gift from Okawaru
 52230 | Zot:5    | Noticed an orb of fire
 52240 | Zot:5    | Gained mutation: You are weak. (Str -2) [an orb of fire]
 52243 | Zot:5    | Killed an orb of fire
 52244 | Zot:5    | Reached XP level 24. HP: 263/265 MP: 22/29
 52273 | Zot:5    | Noticed an orb of fire
 52276 | Zot:5    | Identified the +2 robe "Kehudut" {Int+4} (Okawaru gifted it
                  | to you on level 5 of the Realm of Zot)
 52276 | Zot:5    | Received a gift from Okawaru
 52276 | Zot:5    | Noticed a Killer Klown
 52307 | Zot:5    | Gained mutation: Your magical capacity is low. (-10% MP)
                  | [an orb of fire]
 52312 | Zot:5    | Killed an orb of fire
 52430 | Zot:5    | Noticed a dread lich
 52512 | Zot:5    | Killed a Killer Klown
 52530 | Zot:5    | Killed a dread lich
 52858 | Zot:5    | Got the Orb of Zot
 52864 | Zot:5    | Noticed a Killer Klown
 52911 | Zot:5    | Noticed a dread lich
 52911 | Zot:5    | Noticed an orb of fire
 53005 | Zot:4    | Noticed Biupaiq the pandemonium lord
 53029 | Zot:4    | Killed Biupaiq the pandemonium lord
 53045 | Zot:3    | Noticed Jasoiw the pandemonium lord
 53382 | D:4      | Killed Sigmund
 53462 | D:$      | Escaped with the Orb!

Illustrated notes

Levels and vault maps discovered:
D:1:      eino_arrival_water_cross, layout_basic, serial_shops,
          nicolae_shop_overgrown_old_shop, ebering_ecumenical_altar_box
D:2:      layout_loops_ring, serial_bayou, serial_bayou_pond_a,
          serial_bayou_pond_a, serial_bayou_ford_a, serial_bayou_pond_d
D:3:      layout_basic, okawaru_metal_pillars_1_2, serial_shops,
          nicolae_shop_behind_doors, hangedman_decor_points
D:4:      layout_loops_ring, marbit_many_paths, nicolae_ashenzari_panopticon,
          mainiacjoe_overflow_24_doors, uniq_sigmund, uniq_duvessa
D:5:      layout_loops_cross, pf_guarded_unrand_delatra
D:6:      layout_rooms, fiery_altar_vehumet, xom_butterflies,
          grunt_temple_overflow_open
D:7:      layout_loops_ring, mainiacjoe_overflow_tiny_flanked,
          minmay_temple_entry_overgrown, dk_noncrumbling_2,
          corexii_leaking_fountain, uniq_pikel
D:8:      layout_loops_cross
D:9:      layout_small_grid, lair_entry_dummy, nzn_random_ring
D:10:     layout_loops_ring, lemuel_old_faithful
D:11:     layout_cave_pools, minivault_25, blue_anna_alchemist, uniq_fannar
D:12:     layout_roguey, zombieorc1_lemuel, st_stairs_13
D:13:     layout_basic, uniq_frances
D:14:     layout_loops_ring, david_vaults_2, nicolae_lava_and_water,
          nicolae_shop_vocational
D:15:     grunt_enter_depths_snipers, layout_basic,
          portal_ice_cave_entry_pillars_2
Lair:1:   layout_regular_city, uniq_sonja
Lair:2:   layout_gridlike, guppyfry_snake_entry_garden, gauntlet_entry_generic,
          grunt_megastairs_4
Lair:3:   layout_roguey, elwin_shoals_entry_rooms, st_stairs_4,
          chequers_serial_rivers_large_a, minivault_19, uniq_gastronok
Lair:4:   layout_roguey
Lair:5:   hangedman_lair_caniforms_friends, layout_concentric_octagons,
          wormcave, slime_entry_1, infiniplex_staircase_pool_2
Shoals:1: layout_shoals, lemuel_centaur_altar, uniq_roxanne
Shoals:2: cheibrodos_shoals_epimethial_gifts, layout_shoals,
          nicolae_shop_dragon_depot, yaktaur_hedge
Shoals:3: layout_shoals, hangedman_shoal_volcano
Shoals:4: shoals_end_grunt_ice, layout_shoals, nicolae_shoals_loop_pool
Snake:1:  nicolae_snakescales, layout_misc_corridors, basic_altar
Snake:2:  nicolae_snake_crotalidae_crossing, layout_rooms, uniq_vashnia,
          uniq_kirke
Snake:3:  layout_rooms, nicolae_shop_sticking_my_neck_out, minmay_shop_grove
Snake:4:  grunt_snake_rune_pools, layout_gridlike
Orc:1:    layout_caves, serial_shops, shop, lemuel_statue_altar, roderic_batcave
Orc:2:    st_orc_rangers, layout_caves, basic_altar, serial_shops, shop,
          uniq_jorgrun
Vaults:1: v_rooms_3, v_misc_15, v_misc_2, v_misc_22, v_misc_1,
          hangedman_vaults_stitches, nicolae_vaults_three_branches,
          nicolae_vaults_little_squares_1, layout_vaults_big_room
Vaults:2: gammafunk_ghost_door_vault, v_misc_30, hangedman_vaults_nails,
          nicolae_vaults_asterisk, grunt_vaults_twisty, vaults_room_fancy_cross,
          nicolae_vaults_stairing_the_circle, v_pattern_1,
          ontoclasm_vaults_tryst, nicolae_vaults_theta,
          layout_vaults_maze_bifur, serial_shops, statue_bzr
Vaults:3: v_misc_29, v_misc_16, nicolae_vaults_theta, hangedman_vaults_cutoff,
          nicolae_vaults_specimen_jars, vaults_dpeg_encased_lava,
          blue_anna_dwarven_crypt, nicolae_vaults_border_crossing,
          layout_vaults_omnigrid
Vaults:4: hangedman_vaults_stream, v_pattern_2, hangedman_vaults_locks,
          nicolae_vaults_theta, nicolae_vaults_sealed_display, v_misc_10,
          hangedman_vaults_nails, v_misc_14, vaults_room_guarded_vault,
          ontoclasm_vaults_hangar, v_misc_16, vaults_dpeg_diagonal,
          layout_vaults_omnicross, serial_shops, nicolae_shop_behind_doors
Vaults:5
Depths:1: layout_roguey, enter_ziggurat_f, hell_entry,
          hangedman_abyss_entry_splay, chequers_serial_rivers_room_a,
          st_stairs_4, tgw_xom
Depths:2: minmay_complete_graph, layout_honeycomb, nemelex_spade_bored_becter,
          lightli_too_deep, rand_demon_pan_entry_7,
          chequers_serial_rivers_micro_d, onia_ninara_dug_in_and_dangerous
Depths:3: minmay_four_inscribed_fans, layout_cross, cheibriados_altar_1,
          grunt_hell_entry_dis_mu, grunt_pan_entry_zigzag,
          abyss_entry_small_statue_room, uniq_jory, uniq_mara
Depths:4: grunt_zot_entry_bicorn, layout_basic, abyss_entry,
          good_gods_mini_temple, hangedman_coc_ice_floe, rand_demon_pan_entry_9
Zot:1:    layout_cathedral_of_symmetry
Zot:2:    minmay_elemental_castle, layout_basic, kennysheep_underground_church
Zot:3:    layout_misc_corridors, nicolae_diode_basic
Zot:4:    layout_misc_corridors
Zot:5:    layout_basic

Skill      XL: |  1  2  3  4  5  6  7  8  9 10 11 12 13 14 15 16 17 18 19 20 21 22 23 24 |
---------------+-------------------------------------------------------------------------+-----
Unarmed Combat | 1 2 3 4 5 6 8 10 12 13 15 16 18 20 22 23 25 26 | 26.4
Fighting       | 2 3 5 6 10 11 13 15 17 18 19 20 | 20.4
Armour         | 1 4 5 7 8 10 | 10.0
Invocations    | 1 5 6 8 10 | 10.0
Throwing       | 3 5 8 10 11 13 14 16 17 18 | 18.0
Evocations     | 7 10 | 10.0
Shields        | 8 10 | 10.0
Dodging        | 2 6 8 |  8.0
Ranged Weapons | |  2.6
Stealth        | |  0.3

Action                   |  1- 3 |  4- 6 |  7- 9 | 10-12 | 13-15 | 16-18 | 19-21 | 22-24 || total
-------------------------+-------+-------+-------+-------+-------+-------+-------+-------++-------
Melee: Unarmed           |     1 |    92 |   157 |   486 |  1038 |  1498 |  1820 |  1351 ||  6443
       Punch             |       |     3 |     7 |    43 |   105 |   136 |       |       ||   294
 Fire: Shortbow          |   137 |   115 |   146 |   110 |       |       |       |       ||   508
       Triple crossbow   |       |       |       |    22 |   232 |   147 |       |       ||   401
       Hand crossbow     |       |       |       |       |       |     1 |       |       ||     1
Throw: Large rock        |       |       |       |       |    13 |       |       |    12 ||    25
       Javelin           |       |       |       |       |       |       |     3 |     8 ||    11
Invok: Heroism           |       |       |     1 |     2 |     9 |     4 |     4 |     8 ||    28
       Finesse           |       |       |       |       |       |       |       |     1 ||     1
 Abil: Evoke Blink       |       |       |       |       |       |       |       |     1 ||     1
Evoke: Wand              |       |     1 |     1 |     1 |       |     1 |     1 |     6 ||    11
       Condenser vane    |       |       |       |       |       |       |     2 |     2 ||     4
  Use: Scroll            |       |       |    21 |     5 |     6 |     6 |     5 |     8 ||    51
       Potion            |       |       |       |     9 |     5 |     9 |     2 |    10 ||    35
 Stab: Paralysed         |       |     7 |       |     1 |       |       |       |       ||     8
       Distracted        |       |     1 |       |     1 |       |     3 |       |       ||     5
       Invisible         |       |       |       |     2 |       |       |       |    11 ||    13
       Sleeping          |       |       |       |     4 |       |     7 |       |       ||    11
Armor: Robe              |    21 |    29 |    17 |       |       |       |       |       ||    67
       Steam dragon scal |       |       |    19 |   173 |   289 |       |       |       ||   481
       Ice dragon scales |       |       |       |       |   348 |     9 |       |       ||   357
       Shadow dragon sca |       |       |       |       |       |   448 |       |       ||   448
       Gold dragon scale |       |       |       |       |       |   433 |   906 |   671 ||  2010
Dodge: Dodged            |    36 |    51 |    77 |   195 |   841 |   616 |   339 |   279 ||  2434
       Repelled          |       |       |       |       |    10 |    46 |     1 |       ||    57
Block: Kite shield       |       |       |       |       |       |   212 |   771 |   833 ||  1816
       Reflection        |       |       |       |       |       |       |     6 |    44 ||    50
